 Dungeon Crawl Stone Soup version 0.21.1-1-g345015fe64 (webtiles) character file.

3469 NullDivider the Covert (level 9, -10/48 HPs)
             Began as a Spriggan Artificer on May 30, 2018.
             Was an Initiate of Gozag.
             Killed from afar by Psyche (14 damage)
             ... with a puff of flame
             ... while paralysed by Psyche
             ... on level 8 of the Dungeon.
             The game lasted 01:00:59 (13560 turns).

NullDivider the Covert (Spriggan Artificer)        Turns: 13560, Time: 01:00:59

Health: -10/48     AC:  2    Str:  6    XL:     9   Next: 79%
Magic:  0/15       EV:  4    Int: 13    God:    Gozag
Gold:   1039       SH:  0    Dex: 19    Spells: 8/8 levels left

rFire    . . .     SeeInvis +   q - +0 hunting sling of Xuror {venom, +Blink rElec rPois Str-2}
rCold    . . .     Gourm    .   (shield restricted)
rNeg     . . .     Faith    .   b - +0 robe
rPois    +         Spirit   +   (helmet restricted)
rElec    +         Reflect  .   o - scarf {Spirit}
rCorr    .         Harm     +   (gloves unavailable)
MR       +....                  (boots unavailable)
Stlth    ++++......             E - amulet of harm
HPRegen  0.16/turn              w - +1 ring of evasion
MPRegen  0.14/turn              a - ring of poison resistance

@: paralysed, lethally poisoned (-10 -> -16), drained, very quick
A: very small, unfitting armour, see invisible, herbivore, speed 3, slow
metabolism 2
a: Potion Petition, Call Merchant, Bribe Branch, Renounce Religion, Evoke Blink


You were on level 8 of the Dungeon.
You worshipped Gozag.
Gozag was most pleased with you.
You were very hungry.

You visited 1 branch of the dungeon, and saw 8 of its levels.
You also visited: Ossuary.

You collected 1330 gold pieces.
You spent 264 gold pieces at shops.
You paid 27 gold pieces to Gozag.

Inventory:

Hand Weapons
 k - a +2 falchion of holy wrath
 q - the +0 hunting sling of Xuror (weapon) {venom, +Blink rElec rPois Str-2}
   (You bought it in a shop on level 4 of the Dungeon)

   It poisons the ammo it fires.
   It affects your strength (-2).
   It insulates you from electricity.
   It protects you from poison.
   It lets you blink.
 y - a +3 dagger of speed
 A - a +2 dagger of venom
 F - a +4 scimitar of flaming
Missiles
 i - 297 stones (quivered)
 p - 72 arrows
 u - 35 sling bullets
Armour
 b - a +0 robe (worn)
 o - a scarf of spirit shield (worn)
Jewellery
 a - a ring of poison resistance (right hand)
 g - a +3 ring of intelligence
 w - a +1 ring of evasion (left hand)
 E - an amulet of harm (around neck)
Wands
 d - a wand of enslavement (13)
 e - a wand of random effects (28)
Scrolls
 c - a scroll of fog {unknown}
 j - 7 scrolls of teleportation
 m - a scroll of amnesia
 r - a scroll of enchant weapon
 s - 5 scrolls of remove curse
 x - a scroll of fear {unknown}
 z - a scroll of blinking {unknown}
 B - 2 scrolls of magic mapping {unknown}
Potions
 h - 2 potions of brilliance {unknown}
 l - 5 potions of lignification
 n - 2 potions of mutation
 t - a potion of invisibility {unknown}
 v - a potion of resistance {unknown}
 C - a potion of heal wounds
 D - a potion of might {unknown}
Comestibles
 f - 14 rations


   Skills:
 * Level 6.1(5.9) Fighting
 * Level 8.0(7.7) Short Blades
 + Level 3.0(2.8) Slings
 + Level 7.9(7.6) Dodging
 + Level 8.3(8.0) Stealth
 + Level 7.8(7.6) Evocations


You had 8 spell levels left.
You didn't know any spells.

Dungeon Overview and Level Annotations

Branches:
Dungeon (8/15)             Temple (0/1) D:5
   Lair: D:8-11

Altars:
Ashenzari
Gozag
Kikubaaqudgha
Ru
Wu Jian
Xom

Shops:
D:4 (

Annotations:
D:8 Psyche


Innate Abilities, Weirdness & Mutations

You are very small and have problems with some larger weapons.
You are too small for most types of armour.
You have supernaturally acute eyesight. (SInv)
You are a herbivore.
You cover ground extremely quickly.
You need consume almost no food.


Message History

Psyche casts a spell at you. The puff of frost hits you!
Psyche hits you with a dagger of chaos. Psyche burns you.
Psyche hits you with a dagger of chaos.
* * * LOW HITPOINT WARNING * * *
You are poisoned.
You feel sick. Psyche hits you but does no damage.
Psyche hits you with a dagger of chaos.
* * * LOW HITPOINT WARNING * * *
You feel your power leaking away.
* * * LOW HITPOINT WARNING * * *
You feel sick. Psyche hits you with a dagger of chaos.
* * * LOW HITPOINT WARNING * * *
You feel drained. Psyche barely misses you.
* * * LOW HITPOINT WARNING * * *
You feel sick.
Psyche points at you and mumbles some strange words.
Helpless, you fail to dodge the puff of flame.
You die...
Your body crumbles into a pile of gold.

####### #.....#
#...>.# #.....#####
############.....(...#
.......<..@@[(...###(#
################.# #.#
#)###.###### $
####.......# #........
#........ ....(.....
###........ .........


You could see Psyche.

Vanquished Creatures
  Erica (D:8)
  Sigmund (D:5)
  A spriggan (D:7)
  Edmund (D:5)
  A hornet zombie (D:6)
  An ice beast (D:5)
  3 phantoms
  A sky beast (D:7)
  A black bear (D:7)
  2 ogres
  A bullfrog (D:7)
  A scorpion (D:4)
  4 wights
  3 howler monkeys
  3 centaur zombies (Ossuary)
  2 crimson imps
  A bullfrog zombie (D:8)
  4 hounds
  2 human zombies (Ossuary)
  A jelly (D:5)
  An orc priest (D:6)
  Crazy Yiuf (D:7)
  A centaur skeleton (D:5)
  2 gnoll shamans (D:4)
  Jessica (D:2)
  Natasha (thrice) (D:2)
  3 orc wizards
  2 worker ants
  A killer bee zombie (D:2)
  2 big kobold zombies (Ossuary)
  2 mummies (Ossuary)
  3 gnolls (D:4)
  10 adders
  A howler monkey skeleton (D:7)
  5 river rats (D:5)
  An ooze (D:4)
  An adder skeleton (D:5)
  An adder zombie (Ossuary)
  3 worms (D:3)
  2 dart slugs (D:2)
  2 leopard geckos
  20 orcs
  6 bats
  4 giant cockroaches
  11 goblins
  5 hobgoblins
  6 jackals
  6 kobolds
  9 quokkas
  5 frilled lizards
  A goblin zombie (Ossuary)
  7 hobgoblin zombies (Ossuary)
  A jackal zombie (Ossuary)
  8 kobold zombies (Ossuary)
  A leopard gecko zombie (D:5)
  12 orc zombies (Ossuary)
  3 quokka skeletons
  18 rats
206 creatures vanquished.

Vanquished Creatures (collateral kills)
  4 gnolls (D:4)
4 creatures vanquished.

Grand Total: 210 creatures vanquished

Notes
Turn   | Place    | Note
-------+----------+-------------------------------------------
     0 | D:1      | NullDivider the Spriggan Artificer began the quest for the Orb.
     0 | D:1      | Reached XP level 1. HP: 9/9 MP: 4/4
   330 | D:1      | Reached skill level 1 in Fighting
   601 | D:1      | Reached XP level 2. HP: 13/14 MP: 6/6
  1509 | D:2      | Noticed Jessica
  1518 | D:2      | Killed Jessica
  1518 | D:2      | Reached XP level 3. HP: 14/18 MP: 7/7
  1582 | D:2      | Reached XP level 4. HP: 12/23 MP: 8/8
  2021 | D:2      | Found a shattered altar of Ashenzari.
  2165 | D:2      | Noticed Natasha
  2173 | D:2      | Killed Natasha
  2351 | D:2      | Found a shattered altar of Ashenzari.
  2379 | D:2      | Noticed Natasha
  2382 | D:2      | Killed Natasha
  2382 | D:2      | Reached XP level 5. HP: 26/26 MP: 9/9
  2547 | D:2      | Found a shattered altar of Ashenzari.
  2607 | D:2      | Noticed Natasha
  2611 | D:2      | Killed Natasha
  3143 | D:3      | Found an opulent altar of Gozag.
  3190 | D:3      | Became a worshipper of Gozag Ym Sagoz the Greedy
  3248 | D:3      | Found a sacrificial altar of Ru.
  3919 | D:4      | Reached skill level 5 in Evocations
  3919 | D:4      | Reached XP level 6. HP: 20/32 MP: 10/10
  4593 | D:4      | Found Waixt's Antique Weapon Boutique.
  4602 | D:4      | Bought a scorched hunting sling for 149 gold pieces
  4602 | D:4      | Identified the +0 hunting sling of Xuror {venom, +Blink rElec rPois Str-2} (You bought it in a shop on level 4 of the Dungeon)
  4613 | D:4      | Found an ancient bone altar of Kikubaaqudgha.
  4703 | D:4      | Reached XP level 7. HP: 13/36 MP: 10/12
  5070 | D:4      | Reached skill level 5 in Dodging
  5444 | D:5      | Entered Level 5 of the Dungeon
  5445 | D:5      | Found a staircase to the Ecumenical Temple.
  5499 | D:4      | Bought a runed dagger for 115 gold pieces
  5578 | D:4      | Reached skill level 5 in Stealth
  5805 | D:5      | Noticed Sigmund
  5980 | D:5      | Killed Sigmund
  5980 | D:5      | Reached skill level 5 in Short Blades
  6320 | D:5      | Found an ornate altar of the Wu Jian Council.
  6602 | D:5      | Reached XP level 8. HP: 16/42 MP: 13/13
  6851 | D:5      | Noticed Edmund
  6929 | D:5      | Killed Edmund
  7962 | D:5      | Found a sacrificial altar of Ru.
  9637 | D:6      | Found a shimmering altar of Xom.
  9983 | D:6      | Reached skill level 5 in Fighting
 11298 | D:7      | Found a sand-covered staircase.
 11308 | Ossuary  | Entered an ossuary
 11484 | Ossuary  | Reached XP level 9. HP: 23/47 MP: 9/15
 11541 | Ossuary  | Reached skill level 1 in Slings
 12636 | D:7      | Found the +5 demon whip "Spellbinder" {antimagic, MR+}
 12643 | D:7      | Found a runed door.
 13254 | D:7      | Noticed Crazy Yiuf
 13303 | D:7      | Killed Crazy Yiuf
 13485 | D:8      | Noticed Erica
 13516 | D:8      | Killed Erica
 13538 | D:8      | Noticed Psyche
 13555 | D:8      | Paralysed by Psyche for 5 turns
 13560 | D:8      | Killed from afar by Psyche

Skill      XL: |  1  2  3  4  5  6  7  8  9 |
---------------+----------------------------+-----
Fighting       | 1 2 3 4 5 6 |  6.1
Stealth        | 2 3 4 5 7 8 |  8.3
Short Blades   | 2 3 4 5 6 8 |  8.0
Dodging        | 4 5 6 7 |  7.9
Evocations     | 5 6 7 |  7.8
Slings         | 3 |  3.0

Action                   |  1- 3 |  4- 6 |  7- 9 || total
-------------------------+-------+-------+-------++-------
Melee: Short sword       |    85 |   142 |    21 ||   248
       Falchion          |       |    13 |   185 ||   198
       Dagger            |       |       |   498 ||   498
 Fire: Hunting sling     |       |       |    89 ||    89
Throw: Stone             |       |     2 |    29 ||    31
 Abil: Evoke Blink       |       |       |     1 ||     1
Evoke: Wand              |     4 |    11 |    26 ||    41
  Use: Scroll            |       |     6 |     3 ||     9
 Stab: Sleeping          |       |     7 |     8 ||    15
       Distracted        |       |     1 |     5 ||     6
  Eat: Ration            |       |       |     5 ||     5
Armor: Robe              |     6 |    12 |    19 ||    37
Dodge: Dodged            |    72 |   130 |   465 ||   667
       Rpst.: Falchion   |       |     3 |    42 ||    45
